Map: Oxide LE

Players

TeebuL

  • Race: Protoss Protoss
  • League: Gold

Seither - Winner!

  • Race: Terran Terran
  • League: Grandmaster

Event: DreamHack SC2 Masters 2021 Summer

VOD

Have the link to the VOD?

Description

Time

  • Played on: May 23, 2021, 5:04 a.m.
  • Length: 12:10

All games in this series

Show
View Real Time Build Order
Export as new Build Order

TeebuL Protoss 

Build Orders: Blink Stalkers 

Get SALT Encoding   

  12  0:09  Pylon  
  12  0:13  Probe  
  13  0:29  Gateway  
  13  0:31  Probe (Chrono Boost)  
  14  0:40  Probe (Chrono Boost)  
  14  0:42  Assimilator  
  15  0:45  Probe  
  16  0:58  Probe  
  17  1:10  Probe  
  18  1:19  Cybernetics Core  
  18  1:22  Probe  
  19  1:36  Probe  
  20  1:40  Pylon  
  20  1:54  Stalker (Chrono Boost)  
  22  2:04  Nexus  
  22  2:07  Probe  
  23  2:15  Assimilator, Warp Gate  
  23  2:20  Probe  
  24  2:23  Adept (Chrono Boost)  
  26  2:32  Probe  
  27  2:44  Probe  
  27  2:47  Stalker  
  30  2:56  Probe  
  31  2:59  Gateway  
  31  3:12  Twilight Council  
  31  3:16  Probe (Chrono Boost)  
  31  3:19  Probe (Chrono Boost)  
  33  3:26  Probe (Chrono Boost), Robotics Facility  
  35  3:27  Probe (Chrono Boost)  
  35  3:31  Probe (Chrono Boost)  
  35  3:32  Probe (Chrono Boost)  
  37  3:43  Probe  
  37  3:44  Probe  
  39  3:53  Blink (Chrono Boost)  
  39  3:55  Probe  
  40  3:57  Probe  
  40  3:59  Assimilator  
  41  4:03  Pylon  
  41  4:07  Probe  
  41  4:09  Probe  
  43  4:14  Stalker  
  43  4:15  Observer  
  46  4:21  Probe x2, Pylon  
  48  4:31  Stalker  
  50  4:33  Probe x2  
  50  4:40  Pylon  
  50  4:45  Probe x2  
  51  4:57  Probe x2  
  52  5:09  Probe (Chrono Boost)  
  52  5:10  Probe (Chrono Boost)  
  52  5:13  Forge  
  53  5:15  Stalker x2  
  58  5:21  Probe (Chrono Boost)  
  58  5:27  Probe (Chrono Boost)  
  59  5:29  Probe (Chrono Boost), Nexus  
  59  5:30  Pylon  
  59  5:34  Probe (Chrono Boost)  
  61  5:35  Probe  
  61  5:41  Stalker x2  
  49  5:42  Charge (Chrono Boost)  
  66  5:45  Probe  
  66  5:48  Probe  
  68  5:58  Probe  
  68  6:00  Probe  
  68  6:01  Protoss Ground Weapons Level 1 (Chrono Boost)  
  70  6:10  Probe  
  70  6:12  Probe  
  70  6:14  Templar Archives  
  70  6:17  Assimilator  
  71  6:22  Probe, Observer  
  71  6:24  Probe  
  74  6:30  Zealot x2  
  78  6:41  Probe x3, Psionic Storm  
  78  6:43  Observer  
  78  6:45  Gateway x2  
  81  6:48  Gateway  
  81  6:53  Probe x3  
  84  6:56  Gateway  
  84  6:57  Zealot x2  
  84  6:58  Gateway x2  
  88  7:05  Probe x3  
  85  7:17  Probe x2  
  85  7:18  Probe  
  86  7:25  High Templar x2  
  86  7:28  Assimilator x2  
  86  7:29  Probe x2  
  92  7:31  Pylon x2  
  92  7:33  Pylon  
  92  7:39  Pylon  
  92  7:42  Pylon  
  92  7:44  Pylon  
  92  7:46  Immortal (Chrono Boost)  
  96  7:52  High Templar x2  
  96  7:53  Zealot x2  
  96  7:56  Shield Battery  
  104  7:59  Protoss Ground Armor Level 1 (Chrono Boost)  
  104  8:02  Zealot x4  
  104  8:03  Pylon  
  108  8:11  Pylon  
  106  8:15  Zealot x2  
  110  8:27  Zealot x6  
  122  8:34  Warp Prism  
  122  8:35  Observer  
  124  8:42  Probe  
  124  8:45  High Templar x2  
  129  8:50  Archon  
  129  8:51  High Templar  
  129  8:53  Zealot x5  
  135  9:10  Immortal (Chrono Boost)  
  109  9:18  Zealot x7  
  109  9:20  Archon  
  101  9:30  Stalker  
  73  9:31  Probe  
  73  9:38  High Templar x3  
  73  9:39  Stalker x4  
  73  9:41  Immortal (Chrono Boost)  
  81  9:46  Probe  
  81  9:48  Probe  
  76  9:53  Probe  
  76  9:58  Probe  
  78  10:03  Probe  
  78  10:05  Probe  
  80  10:09  High Templar x2  
  80  10:10  Probe, Zealot x3  
  80  10:13  High Templar  
  93  10:15  Archon  
  93  10:16  Probe  
  93  10:18  Zealot x2  
  98  10:22  Probe  
  98  10:25  Probe  
  100  10:37  Nexus  
  100  10:38  Pylon  
  98  10:45  Robotics Bay  
  98  10:49  High Templar x3  
  104  10:55  High Templar, Zealot x3  
  112  10:57  Archon  
  112  10:59  Archon  
  112  11:00  Sentry  
  114  11:09  Archon  
  112  11:17  Zealot x3  
  108  11:23  Stalker x4  
  84  11:38  Stalker x4  
Show
View Real Time Build Order
Export as new Build Order

Seither Terran - Winner!

Build Orders:  

Get SALT Encoding   

  12  0:00  SCV  
  13  0:12  SCV  
  14  0:16  Supply Depot  
  14  0:24  SCV  
  15  0:38  SCV  
  16  0:43  Refinery  
  16  0:47  Barracks  
  16  0:50  SCV  
  17  1:02  SCV  
  18  1:14  SCV, Engineering Bay  
  19  1:35  Orbital Command, Marine  
  19  1:36  Supply Depot  
  20  1:46  Factory  
  21  2:02  Barracks Reactor  
  21  2:05  SCV  
  21  2:12  Command Center  
  21  2:18  SCV  
  22  2:23  Refinery  
  22  2:30  SCV  
  23  2:42  Widow Mine, Hellion  
  23  2:44  SCV  
  28  2:49  Starport, Marine  
  29  2:56  SCV, Supply Depot  
  30  3:08  SCV  
  30  3:18  Widow Mine, Hellion  
  34  3:20  SCV  
  34  3:25  Orbital Command  
  34  3:26  Medivac  
  37  3:28  Marine  
  38  3:42  Widow Mine  
  38  3:43  Widow Mine, SCV  
  43  3:52  Barracks Tech Lab  
  43  4:13  Orbital Command, Starport Tech Lab  
  43  4:14  SCV  
  44  4:22  Marine x2, Siege Tank  
  49  4:26  SCV  
  50  4:33  Raven  
  50  4:34  Command Center  
  53  4:38  SCV  
  53  4:41  Refinery  
  51  4:51  SCV x2  
  53  4:52  Marine  
  53  4:54  Marine  
  53  5:00  Supply Depot  
  53  5:02  Siege Tank  
  53  5:03  SCV  
  55  5:09  Barracks  
  55  5:11  Barracks  
  55  5:12  Bunker  
  55  5:18  SCV  
  55  5:19  SCV  
  55  5:21  Marine x2  
  57  5:25  Supply Depot  
  59  5:32  SCV  
  59  5:33  SCV  
  61  5:36  Siege Tank  
  64  5:45  SCV x2  
  64  5:46  Marine x2  
  64  5:49  Orbital Command  
  68  5:54  Engineering Bay  
  68  5:57  Engineering Bay  
  68  6:01  SCV x2  
  70  6:08  Stimpack  
  70  6:13  Marine  
  70  6:14  Starport Reactor, Marine  
  70  6:16  Marauder x2  
  70  6:17  SCV x2  
  78  6:22  Combat Shield  
  78  6:23  Terran Infantry Weapons Level 1  
  78  6:25  Terran Infantry Armor Level 1  
  78  6:30  Factory Reactor, Supply Depot  
  78  6:33  SCV x2  
  78  6:35  Refinery  
  76  6:42  SCV  
  76  6:45  SCV  
  76  6:46  Marauder x2, Marine x2  
  83  6:50  SCV  
  83  6:51  Orbital Command  
  83  6:52  Medivac x2  
  83  6:54  Supply Depot  
  88  7:04  SCV x2  
  90  7:10  Marine x2  
  90  7:11  Marauder x2  
  94  7:16  SCV x2  
  94  7:19  Barracks  
  94  7:20  Barracks  
  92  7:24  Widow Mine x2  
  92  7:28  SCV  
  92  7:29  SCV x2  
  99  7:33  Supply Depot  
  99  7:34  Supply Depot  
  99  7:36  Marauder, Marine x2  
  99  7:37  Marauder  
  105  7:38  Medivac x2  
  109  7:48  Concussive Shells  
  109  7:50  Supply Depot  
  109  7:54  SCV x3  
  109  7:55  Widow Mine x2  
  116  8:03  Marauder x2, Marine x2  
  120  8:06  SCV x2  
  120  8:07  SCV  
  120  8:08  Armory, Supply Depot  
  120  8:10  Refinery  
  120  8:12  Refinery  
  123  8:17  Barracks Reactor, Barracks Tech Lab  
  123  8:20  Marine  
  123  8:21  Marine  
  123  8:22  Supply Depot  
  123  8:24  Marauder  
  123  8:25  Marauder  
  123  8:27  Ghost Academy  
  127  8:35  Widow Mine x2  
  127  8:40  SCV  
  127  8:41  SCV x2  
  134  8:47  Missile Turret  
  134  8:48  Missile Turret  
  134  8:49  Supply Depot x2  
  134  8:50  Marine x2  
  136  8:56  Ghost x2, Marine x2  
  136  8:57  Ghost  
  143  9:08  Command Center  
  140  9:17  Marine x2  
  131  9:23  Marine  
  116  9:26  Marauder x3, Marine  
  103  9:32  SCV x3  
  103  9:34  Marine x2  
  105  9:40  Marine  
  105  9:44  Marine  
  107  9:47  Marauder x3  
  107  9:52  Marine x2  
  110  9:58  Marine  
  108  10:02  Marine  
  108  10:05  Enhanced Shockwaves  
  109  10:08  SCV x3, Marauder, Marine  
  109  10:09  Marauder  
  109  10:10  Marine, Medivac x2  
  122  10:17  Marine  
  122  10:18  Marine  
  124  10:26  Marauder  
  126  10:30  SCV x3, Marauder  
  126  10:31  Ghost  
  126  10:32  Marine x2  
  126  10:33  Widow Mine x2  
  139  10:44  Marine  
  139  10:47  Ghost  
  142  10:51  Missile Turret  
  139  11:14  Marauder x2, Marine x3  
  139  11:16  Marauder  
  148  11:18  Marine  
  142  11:28  Medivac x2  
  142  11:31  Widow Mine x2, Marine  
  142  11:32  Marine x2  
  138  11:36  Marauder x2  
  138  11:38  Marauder  
  126  11:44  Marine  
  119  11:49  Marine x2  
Tags
 
Add a new tag
Caveats
  • Supply blocks, unpowered buildings, or Contaminate may cause inaccurate times.
  • Supply counts are checked every 10 seconds.